 Dungeon Crawl Stone Soup version 0.17-a0-802-g1f09329 (webtiles) character file.

81 Hanyuu the Insei (level 4, -4/28 HPs)
             Began as an Octopode Transmuter on Apr 26, 2015.
             Slain by a goblin (5 damage)
             ... led by Robin
             ... on level 4 of the Dungeon.
             The game lasted 00:04:22 (2133 turns).

Hanyuu the Insei (Octopode Transmuter)              Turns: 2133, Time: 00:04:23

Health: -4/28      AC:  1    Str:  9    XL:     4   Next: 42%
Magic:  2/7        EV: 12    Int: 15    God:
Gold:   47         SH:  0    Dex: 13    Spells: 3 memorised, 1 level left

rFire  . . .     SeeInvis .       - Unarmed
rCold  . . .     Clarity  .     (no shield)
rNeg   . . .     SustAb   .     (helmet restricted)
rPois  .         Gourm    .     (no amulet)
rElec  .         Spirit   .     e - ring of flight
rCorr  .         Warding  .     (no ring)
rMut   .         Stasis   .     (no ring)
MR     .....                    (no ring)
Stlth  ++........               (no ring)
                                (no ring)
                                (no ring)
                                (no ring)

@: very slightly contaminated, not resistant to hostile enchantments, unstealthy
A: almost no armour, amphibious, 8 rings, constrict 8, camouflage 1, gelatinous
body 1
a: Evoke Flight


You were on level 4 of the Dungeon.
You were hungry.

You visited 1 branch of the dungeon, and saw 3 of its levels.

You collected 47 gold pieces.

Inventory:

Hand weapons
 o - a +0 hunting sling
Missiles
 a - 54 arrows
 k - 5 tomahawks (quivered)
 p - 18 stones
Armour
 m - a +2 buckler
Jewellery
 e - a ring of flight (left tentacle)
Potions
 f - 2 potions of magic {unknown}
 g - 3 potions of heal wounds {unknown}
 h - a potion of cancellation {unknown}
 l - a potion of degeneration {unknown}
 n - a potion of beneficial mutation {unknown}
Books
 b - a book of Changes

   Spells                             Type                      Level
   a - Beastly Appendage              Transmutation                1
   b - Sticks to Snakes               Transmutation                2
   c - Spider Form                    Transmutation/Poison         3
   d - Ice Form                       Ice/Transmutation            4
   e - Blade Hands                    Transmutation                5
Comestibles
 c - a bread ration
 d - 5 meat rations
 i - 4 chunks of flesh


   Skills:
 - Level 1.0 Fighting
 - Level 2.0 Dodging
 * Level 5.1 Unarmed Combat
 - Level 2.0 Spellcasting
 - Level 2.0 Transmutations


You had one spell level left.
You knew the following spells:

 Your Spells              Type           Power        Failure   Level  Hunger
a - Beastly Appendage     Trmt           #.....       12%         1    #......
b - Sticks to Snakes      Trmt           #.........   14%         2    ###....
c - Spider Form           Trmt/Pois      #.........   43%         3    ###....


Dungeon Overview and Level Annotations

Branches:
Dungeon (4/15)
 Temple: D:4-7

Altars:

Annotations:
D:4 Robin


Innate Abilities, Weirdness & Mutations

You cannot wear most types of armour.
You are amphibious.
You can wear up to eight rings at the same time.
You can use your tentacles to constrict eight enemies at once.
Your skin changes colour to match your surroundings (Stealth).
Your rubbery body absorbs attacks (AC +1).


Message History

You see here a stone.
You bludgeon the goblin!
You kill the goblin!
The goblin hits you. The goblin hits you with a dagger.
* * * LOW HITPOINT WARNING * * *
Robin hits you with a dagger.
* * * LOW HITPOINT WARNING * * *
The goblin misses you.
Items here: ( )) † a hunting sling; an uncursed dagger; 13 stones; a goblin corpse Robin roars a battlecry!
The goblins go into a battle-frenzy!
Robin barely misses you.
The phantom blinks!
Robin throws the goblin at you!
* * * LOW HITPOINT WARNING * * *
The goblin barely misses you.
You tentacle-slap the goblin.
You kill the goblin!
The goblin hits you.
You die...

#.# #.# #.#
####'######## #.#
#...........# #W#
#...........# #.#
#...........# #.#
#...........# #.#
#...W.......#
##.###....gg.....#
#....(.()g..@....#
##################


You could see a phantom, Robin and 2 goblins.

Vanquished Creatures
  A scorpion (D:4)
  2 bats (D:1)
  2 hobgoblins (D:4)
  8 jackals (D:1)
  A quokka (D:2)
  2 ball pythons (D:1)
  A giant newt (D:2)
  10 goblins
  2 rats (D:1)
29 creatures vanquished.

Vanquished Creatures (others)
  A goblin (D:4)
1 creature vanquished.

Grand Total: 30 creatures vanquished

Notes
Turn   | Place    | Note
--------------------------------------------------------------
     0 | D:1      | Hanyuu, the Octopode Transmuter, began the quest for the Orb.
     0 | D:1      | Reached XP level 1. HP: 13/13 MP: 3/3
   591 | D:1      | Reached XP level 2. HP: 18/18 MP: 3/5
  1426 | D:2      | Reached skill level 4 in Unarmed Combat
  1663 | D:2      | Learned a level 2 spell: Sticks to Snakes
  1697 | D:2      | Reached XP level 3. HP: 20/23 MP: 6/6
  1730 | D:2      | You fall through a shaft for 2 floors!
  1730 | D:4      | Noticed Robin
  1765 | D:4      | Noticed a scorpion
  1778 | D:4      | Killed a scorpion
  1778 | D:4      | Reached skill level 5 in Unarmed Combat
  1778 | D:4      | Reached XP level 4. HP: 6/28 MP: 7/7
  2065 | D:4      | Noticed a phantom
  2085 | D:4      | Learned a level 3 spell: Spider Form
  2131 | D:4      | HP: 1/28 [Robin/goblin (1)]
  2133 | D:4      | Slain by a goblin

Action                   |  1- 3 |  4- 6 || total
-------------------------+-------+-------++-------
Melee: Unarmed           |    57 |     8 ||    65
 Cast: Beastly Appendage |     2 |       ||     2
  Use: Scroll            |     1 |       ||     1
  Eat: Chunk             |     2 |       ||     2
       Beef jerky        |       |     1 ||     1
